 Dungeon Crawl Stone Soup version 0.29.1-2-gbd0b4ee654 (webtiles) character file.

Game seed: 2597351208303025598

114 GigaChad the Covered (level 4, 0/39 (41) HPs)
             Began as a Minotaur Fighter on Nov 21, 2022.
             Was a Follower of Qazlal.
             Slain by Crazy Yiuf
             ... wielding a +2 quarterstaff of chaos
              (11 damage)
             ... on level 3 of the Dungeon.
             The game lasted 00:02:38 (1944 turns).

GigaChad the Covered (Minotaur Fighter)             Turns: 1944, Time: 00:02:39

HP:   0/39 (41)     AC:  7    Str: 22    XL:     4   Next: 67%
MP:   3/3           EV: 14    Int:  5    God:    Qazlal [*.....]
Gold: 37            SH:  6    Dex: 10    Spells: 3/3 levels left

rFire   . . .      SeeInvis .   a - +0 war axe
rCold   . . .      Faith    .   c - +0 buckler
rNeg    . . .      Spirit   .   b - +0 scale mail
rPois   .          Reflect  .   p - +0 hat
rElec   .          Harm     .   (no cloak)
rCorr   .          Rampage  .   (no gloves)
Will    .....                   (no boots)
Stlth   ..........              (no amulet)
HPRegen 0.13/turn               (no ring)
MPRegen 0.08/turn               (no ring)

@: agile, lightly drained
A: horns 2, retaliatory headbutt
a: Renounce Religion


You were on level 3 of the Dungeon.
You worshipped Qazlal.
Qazlal was aware of your devotion.
You visited 1 branch of the dungeon, and saw 3 of its levels.

You collected 37 gold pieces.

Inventory:

Hand Weapons
 a - a +0 war axe (weapon)
 h - a +1 whip of draining
 w - a +0 hammer
Armour
 b - a +0 scale mail (worn)
 c - a +0 buckler (worn)
 p - a +0 hat (worn)
Jewellery
 v - an amulet of magic regeneration
Wands
 r - a wand of digging (8)
Scrolls
 f - a scroll of vulnerability
 i - 2 scrolls of identify
 j - a scroll of noise
 l - a scroll of teleportation
 m - a scroll of enchant weapon {unknown}
 q - a scroll of amnesia
 t - 2 scrolls of fog
Potions
 d - 2 potions of might
 e - a potion of heal wounds {unknown}
 g - 2 potions of haste {unknown}
 k - a potion of ambrosia {unknown}
 n - a potion of curing {unknown}
 o - a potion of lignification {unknown}
 s - a potion of attraction {unknown}
 u - a potion of brilliance {unknown}


   Skills:
 + Level 4.3 Fighting
 + Level 3.5 Axes
 + Level 4.8 Armour
 + Level 0.9 Dodging
 + Level 0.3 Stealth
 + Level 4.3 Shields


You had 3 spell levels left.
You didn't know any spells.
Your spell library contained the following spells:

 Spells                   Type           Power      Damage    Failure   Level
 Call Canine Familiar     Summ           0%         N/A       99%         3
 Portal Projectile        Hex/Tloc       0%         N/A       99%         3
 Leda's Liquefaction      Hex/Erth       0%         N/A       100%        4


Dungeon Overview and Level Annotations

Branches:
Dungeon (3/15)

Altars:
Qazlal
The Shining One

Annotations:
D:3 Crazy Yiuf


Innate Abilities, Weirdness & Mutations

You have a pair of horns on your head.
You reflexively headbutt those who attack you in melee.


Message History

An endoplasm comes into view.
The goblin hits you but does no damage.
You barely miss the goblin. You headbutt the goblin.
The goblin is heavily wounded.
The goblin hits you but does no damage.
You barely miss the goblin.
The goblin is heavily wounded.
The goblin hits you with a +0 club. You block the goblin's attack.
You hit the goblin. You headbutt the goblin.
You kill the goblin!
Qazlal accepts your kill.
You see here a +0 club.
Found two hammers.
v - an amulet of magic regeneration You see here a +0 hammer.
You see here a +0 hammer.
w - a +0 hammer
Found a hammer.
You see here a +0 hammer.
Found seven hammers.
Found a runed translucent door.
You see here a +0 hammer.
Found a hammer.
Crazy Yiuf shouts!
You see here a +0 hammer.
You see here a +0 hammer.
Found three hammers.
You see here a +0 hammer.
You open the door. You slash Crazy Yiuf!
Crazy Yiuf is heavily wounded.
Crazy Yiuf drinks a potion.
Crazy Yiuf flickers and vanishes!
Deactivating autopickup; reactivate with Ctrl-A.
You barely miss something. Your headbutt misses something. Something hits you.
Something hits you!
You feel agile all of a sudden.
You closely miss something. Something hits you!
You feel drained.
You barely miss something. Something hits you! Something burns you.
* * * LOW HITPOINT WARNING * * *
Something hits you!
You die...

###### ###
##....# ###)))#
#.....#####@{)).#
#......)#))##)))#
#......#)### ###
##.####### #.#
#.#### #....##
####..# ..
##.#### #####.##


There were no monsters in sight!

Vanquished Creatures
  Ijyb (D:3)
  Jessica (D:3)
  3 adders (D:3)
  A worm (D:2)
  An orc (D:3)
  4 ball pythons
  An endoplasm (D:2)
  A giant cockroach (D:3)
  3 goblins
  3 hobgoblins
  3 bats
  3 frilled lizards
  7 kobolds (D:1)
  A rat (D:1)
33 creatures vanquished.

Vanquished Creatures (collateral kills)
  A rat (D:2)
1 creature vanquished.

Grand Total: 34 creatures vanquished

Notes
Turn   | Place    | Note
-------+----------+-------------------------------------------
     0 | D:1      | GigaChad the Minotaur Fighter began the quest for the Orb.
     0 | D:1      | Reached XP level 1. HP: 19/19 MP: 0/0
   347 | D:1      | Reached XP level 2. HP: 27/27 MP: 1/1
  1094 | D:2      | Found a faded altar of an unknown god.
  1102 | D:2      | Prayed at the altar of an unknown god.
  1102 | D:2      | Became a worshipper of Qazlal Stormbringer
  1102 | D:2      | Reached * piety under Qazlal
  1501 | D:3      | Noticed Ijyb
  1507 | D:3      | Killed Ijyb
  1508 | D:3      | Reached XP level 3. HP: 33/33 MP: 2/2
  1717 | D:3      | Reached XP level 4. HP: 35/40 MP: 3/3
  1770 | D:3      | Noticed Jessica
  1774 | D:3      | Killed Jessica
  1879 | D:3      | Found a glowing golden altar of the Shining One.
  1936 | D:3      | Found a runed translucent door.
  1937 | D:3      | Noticed Crazy Yiuf
  1944 | D:3      | Slain by Crazy Yiuf

Illustrated notes

Levels and vault maps discovered:
D:1:      lightli_arrival_chessboard, layout_rooms
D:2:      layout_loops_ring, ebering_ecumenical_altar_abandoned, serial_glass,
          glass_columns_a, glass_columns_a, glass_columns_a, glass_columns_b
D:3:      layout_basic, nicolae_qazlal_general_emergency,
          mainiacjoe_overflow_concentric_impassable, gammafunk_ghost_smash,
          uniq_jessica, uniq_ijyb, uniq_crazy_yiuf_cottage, uniq_terence

Skill      XL: |  1  2  3 |
---------------+----------+-----
Shields        | 4 |  4.3
Fighting       | 4 |  4.3
Armour         | 4 |  4.8
Axes           | 3 |  3.5
Dodging        | |  0.9
Stealth        | |  0.3

Action                   |  1- 3 |  4- 6 || total
-------------------------+-------+-------++-------
Melee: War axe           |    57 |    13 ||    70
       Headbutt          |     9 |     4 ||    13
  Use: Scroll            |     8 |       ||     8
Armor: Scale mail        |    49 |     5 ||    54
Dodge: Dodged            |    32 |     3 ||    35
Block: Buckler           |    24 |     3 ||    27
